 Dungeon Crawl Stone Soup version 0.28-a0-1510-gd0f6b136d3 (webtiles) character file.

Game seed: 8268908975201426966

102 Gwenloh the Skirmisher (level 4, -2/73 HPs)
             Began as an Ogre Berserker on Jan 14, 2022.
             Was a Follower of Trog.
             Killed by divine providence
             ... invoked by an orc priest
              (11 damage)
             ... on level 2 of the Dungeon.
             The game lasted 00:04:46 (2357 turns).

Gwenloh the Skirmisher (Ogre Berserker)             Turns: 2357, Time: 00:04:47

Health: -2/73      AC:  3    Str: 21    XL:     4   Next: 78%
Magic:  4/4        EV: 10    Int:  8    God:    Trog [*.....]
Gold:   39         SH:  0    Dex: 10    Spells: 3/3 levels left

rFire   . . .      SeeInvis .   a - +0 mace
rCold   . . .      Faith    .   (no shield)
rNeg    . . .      Spirit   .   b - +0 animal skin
rPois   .          Reflect  .   (helmet restricted)
rElec   .          Harm     .   (no cloak)
rCorr   .          Rampage  .   (gloves unavailable)
Will    ++...                   (boots unavailable)
Stlth   ..........              (no amulet)
HPRegen 1.22/turn               (no ring)
MPRegen 0.09/turn               (no ring)

@: berserking, strong-willed, regenerating, very quick
A: large, unfitting armour, tough skin 1
a: Renounce Religion, Berserk


You were on level 2 of the Dungeon.
You worshipped Trog.
Trog was aware of your devotion.
You visited 1 branch of the dungeon, and saw 3 of its levels.

You collected 39 gold pieces.

Inventory:

Hand Weapons
 a - a +0 mace (weapon)
Missiles
 d - 48 stones (quivered)
Armour
 b - a +0 animal skin (worn)
Scrolls
 f - 2 scrolls of silence {unknown}
 h - a scroll of teleportation {unknown}
Potions
 c - 3 potions of curing {unknown}
 e - a potion of attraction {unknown}
 g - a potion of flight {unknown}
 i - 2 potions of ambrosia {unknown}


   Skills:
 + Level 4.9 Fighting
 + Level 3.6 Maces & Flails
 + Level 1.3 Throwing
 + Level 3.3 Dodging


You had 3 spell levels left.
You didn't know any spells.
Your spell library was empty.

Dungeon Overview and Level Annotations

Branches:
Dungeon (3/15)

Altars:


Innate Abilities, Weirdness & Mutations

You are too large for most types of armour.
You have tough skin. (AC +1)


Message History

You throw a stone.
The stone hits the orc priest but does no damage.
The orc priest is heavily wounded.
You throw a stone.
The stone hits the orc priest but does no damage.
The orc priest is heavily wounded.
You completely miss the orc priest.
The orc priest is heavily wounded.
The orc priest completely misses you.
An orc comes into view. It is wielding a +0 dagger.
The orc priest hits you with a +3 mace.
You hit the orc priest but do no damage.
The orc priest is heavily wounded.
The orc priest hits you with a +3 mace!
You sock the orc priest!
The orc priest is almost dead.
The orc priest invokes the aid of Beogh against you.
Beogh smites you!
You are too injured to fight recklessly!
The orc priest hits you with a +3 mace!
* * * LOW HITPOINT WARNING * * *
You climb upwards.
There is a stone staircase leading down here.
Your skin crawls.
You feel strong-willed.
You can no longer call upon Trog for regeneration and willpower.
The orc priest invokes the aid of Beogh against you.
Beogh smites you!
* * * LOW HITPOINT WARNING * * *
A red film seems to cover your vision as you go berserk!
You feel yourself moving faster!
You feel mighty! The orc priest closely misses you.
You closely miss the orc priest.
The orc priest is almost dead.
The orc priest looks encouraged for a moment.
You barely miss the orc priest.
The orc priest is almost dead.
The orc priest invokes the aid of Beogh against you.
Beogh smites you!
You die...

..#......>...<.......##.####...#.
..'..........#..#....##.# #...#.
..#.............#....##.# #.....
................##...##.#####....
.#.#.................##.#........
.#.#.#######.#.......+...........
.....## #.#.......##..........
......# ####.#...................
##....# #....#..@.##........#....
......###.......o....##.....##...
.#....#.........>...........##...
....................###.....##...
..............#.......+......'...
...##.........#.......#....###...
...####.......'...........####...
......#.......#.......#..........
......#.......#.......#..........


You could see an orc priest.

Vanquished Creatures
  An adder (D:2)
  3 gnolls (D:2)
  A worm (D:3)
  3 dart slugs
  2 endoplasms
  2 giant cockroaches
  4 goblins
  7 hobgoblins
  10 jackals
  3 quokkas
  4 ball pythons
  3 bats
  A frilled lizard (D:3)
  2 kobolds
  5 rats
51 creatures vanquished.

Notes
Turn   | Place    | Note
-------+----------+-------------------------------------------
     0 | D:1      | Gwenloh the Ogre Berserker began the quest for the Orb.
     0 | D:1      | Reached XP level 1. HP: 24/24 MP: 1/1
   141 | D:1      | Reached XP level 2. HP: 30/32 MP: 2/2
   338 | D:1      | Found a faded altar of an unknown god.
   443 | D:1      | Reached XP level 3. HP: 40/40 MP: 3/3
  1241 | D:2      | Reached XP level 4. HP: 45/49 MP: 4/4
  1283 | D:2      | Reached skill level 1 in Throwing
  2111 | D:3      | Reached ** piety under Trog
  2357 | D:2      | Killed from afar by an orc priest

Illustrated notes

Levels and vault maps discovered:
D:1:      ncdulo_wetmaze, layout_basic, shapermc_ecumenical_altar_starsandcircs
D:2:      layout_basic
D:3:      layout_loops_corners, serial_shops, nicolae_shop_waterfront, shop,
          nicolae_shop_advertising_works [nicolae_subvault_shop_adworks]

Skill      XL: |  1  2  3  4 |
---------------+-------------+-----
Maces & Flails | 3 |  3.6
Dodging        | 3 |  3.3
Throwing       | 1 |  1.3
Fighting       | |  4.9

Action                   |  1- 3 |  4- 6 || total
-------------------------+-------+-------++-------
Melee: Mace              |    85 |    43 ||   128
Throw: Stone             |    64 |    65 ||   129
Invok: Berserk           |       |     2 ||     2
       Trog's Hand       |       |     1 ||     1
Armor: Animal skin       |    25 |    10 ||    35
Dodge: Dodged            |    54 |    21 ||    75

Table legend: (Time is in decaauts)
 A = Elapsed time spent in this place.
 B = Non-inter-level travel time spent in this place.
 C = Inter-level travel time spent in this place.
 D = Time resting spent in this place.
 E = Time spent auto-exploring this place.
 F = Levels seen in this place.
 G = Mean time per level.
                   A        B        C        D        E       F      G
               +--------+--------+--------+--------+--------+-----+--------+
         Total |   2419 |   2369 |     50 |    158 |   1721 |   3 |  806.3 |
       Dungeon |   2419 |   2369 |     50 |    158 |   1721 |   3 |  806.3 |
               +--------+--------+--------+--------+--------+-----+--------+

Top non-repeatable levels by time:
     D:2: 1210 daAuts
     D:1: 766 daAuts
     D:3: 442 daAuts
